 Dungeon Crawl Stone Soup version 0.29-a0-819-g94b489e0ae (console) character file.

Game seed: 11239445887128844686

1278 om the Cleaver (level 8, -1/57 (70) HPs)
             Began as a Hill Orc Monk on July 6, 2022.
             Slain by a wight
             ... wielding a +2 spear of freezing
              (3 damage)
             ... on level 6 of the Dungeon.
             The game lasted 00:18:27 (8263 turns).

om the Cleaver (Hill Orc Monk)                      Turns: 8263, Time: 00:18:27

HP:   -1/57 (70)    AC:  7    Str: 16      XL:     8   Next: 54%
MP:   8/8           EV: 11    Int:  9 (10) God:
Gold: 159           SH:  0    Dex: 13      Spells: 7/7 levels left

rFire   . . .      SeeInvis .   a - +0 hand axe
rCold   . . .      Faith    .   (no shield)
rNeg    . . .      Spirit   .   f - +0 ring mail
rPois   .          Reflect  .   (no helmet)
rElec   .          Harm     .   d - scarf {repulsion}
rCorr   .          Rampage  .   h - +0 pair of gloves
Will    .....                   (no boots)
Stlth   ++........              (no amulet)
HPRegen 0.19/turn               (no ring)
MPRegen 0.11/turn               (no ring)

@: heavily drained, repel missiles
A: deterioration 1
a: no special abilities


You were on level 6 of the Dungeon.
You visited 2 branches of the dungeon, and saw 7 of its levels.

You collected 201 gold pieces.
You spent 42 gold pieces at shops.

Inventory:

Hand Weapons
 a - a +0 hand axe (weapon)
Missiles
 v - a throwing net (quivered)
Armour
 b - a +0 robe
 d - a scarf of repulsion (worn)
 f - a +0 ring mail (worn)
 h - a +0 pair of gloves (worn)
 r - a +0 cloak
Jewellery
 e - a ring of fire
 u - a ring of magical power
Scrolls
 c - a scroll of poison {unknown}
 i - 2 scrolls of torment
 l - 2 scrolls of enchant armour {unknown}
 m - 2 scrolls of enchant weapon
 n - a scroll of silence {unknown}
 p - 2 scrolls of vulnerability
 t - 2 scrolls of fog {unknown}
 w - a scroll of blinking {unknown}
Potions
 g - a potion of brilliance
 j - 2 potions of curing
 o - a potion of resistance
 q - a potion of flight


   Skills:
 - Level 6.0 Fighting
 + Level 8.2 Axes
 - Level 6.0 Armour
 - Level 3.0 Dodging
 - Level 3.0 Stealth
 - Level 3.0 Evocations


You had 7 spell levels left.
You didn't know any spells.
Your spell library contained the following spells:

 Spells                   Type           Power      Damage    Failure   Level
 Ozocubu's Armour         Ice            0%         N/A       91%         3
 Airstrike                Air            0%         0-1+      100%        4
 Summon Lightning Spire   Summ/Air       0%         N/A       100%        4
 Lightning Bolt           Conj/Air       0%         1d11      100%        5
 Ozocubu's Refrigeration  Ice            0%         4d5       100%        7


Dungeon Overview and Level Annotations

Branches:
Dungeon (6/15)             Temple (1/1) D:5

Altars:
Cheibriados
Dithmenos
Elyvilon
Fedhas
Gozag
Kikubaaqudgha
Makhleb
Nemelex Xobeh
Qazlal
Vehumet
Wu Jian
Xom
Yredelemnul
Zin
The Shining One

Shops:
D:2 !

Annotations:
D:5 3 runed translucent doors, zhov's ghost, amateur DsIE


Innate Abilities, Weirdness & Mutations

Your body sometimes deteriorates upon taking damage.


Message History

You closely miss the wight. The wight hits you but does no damage.
The wight hits you from afar with a +2 spear of freezing.
You feel drained. The wight freezes you.
It was a potion of mutation.
You feel extremely strange.
You feel yourself wasting away. The wight barely misses you.
The wight closely misses you.
It was a potion of magic.
Magic courses through your body. The wight barely misses you.
The wight hits you from afar with a +2 spear of freezing.
You feel drained. The wight freezes you.
It was a potion of heal wounds.
You feel much better.
The wight hits you from afar with a +2 spear of freezing!
The wight freezes you.
The wight hits you with a +2 short sword.
You feel drained.
You hit the wight but do no damage.
The wight hits you with a +2 short sword.
The wight hits you from afar with a +2 spear of freezing.
The wight freezes you.
You barely miss the wight. You hit the wight.
The wight is lightly damaged.
The wight closely misses you.
The wight hits you from afar with a +2 spear of freezing.
You feel drained. The wight freezes you.
You completely miss the wight.
The wight is lightly damaged.
The wight hits you with a +2 short sword!
* * * LOW HITPOINT WARNING * * *
The wight hits you but does no damage.
You barely miss the wight. The wight closely misses you.
The wight hits you from afar with a +2 spear of freezing.
* * * LOW HITPOINT WARNING * * *
The wight freezes you.
* * * LOW HITPOINT WARNING * * *
You hit the wight but do no damage.
The wight hits you from afar with a +2 spear of freezing!
* * * LOW HITPOINT WARNING * * *
Your body deteriorates!
You feel dopey.
You feel drained.
You die...

####.# .##
......##..#
......##..#
.......#..#
.......#?.# #
..........# #
.....<....#
######## #..#
##.....# ##z#
##.....# #z#
.......# #@##
##.....#
#..####
####.###
#.....# #...#
#.#.#.# ###.#
#.._..# #.#
#.#.### #.#
##..#
#.#########..#
#.<........#.#
##########.#..#
#.#..#


You could see 2 wights.

Vanquished Creatures
  Pikel (D:4)
  2 ogres (D:5)
  A lemure (D:4)
  2 wights (D:6)
  2 scorpions
  A howler monkey (D:6)
  A crimson imp (D:3)
  2 jellies (D:5)
  2 hounds
  2 iguanas
  8 adders
  An ufetubus (D:6)
  2 worms (D:2)
  9 dart slugs
  2 orcs (D:3)
  8 ball pythons
  11 endoplasms
  3 giant cockroaches
  8 hobgoblins
  10 jackals
  8 kobolds
  4 quokkas
  6 bats
  4 frilled lizards
  8 goblins
  4 rats
112 creatures vanquished.

Notes
Turn   | Place    | Note
-------+----------+-------------------------------------------
     0 | D:1      | om the Hill Orc Monk began the quest for the Orb.
     0 | D:1      | Reached XP level 1. HP: 19/19 MP: 1/1
   230 | D:1      | Reached XP level 2. HP: 27/27 MP: 2/2
   363 | D:1      | Reached skill level 1 in Armour
   512 | D:1      | Reached XP level 3. HP: 33/33 MP: 3/3
  1198 | D:2      | Found a faded altar of an unknown god.
  1230 | D:2      | Identified the +3 short sword of Undoing {vorpal, rC+
                  | rCorr}
  1231 | D:2      | Found Nioreruq's Distillery.
  1239 | D:2      | Bought a potion of curing for 42 gold pieces
  1864 | D:2      | Reached XP level 4. HP: 38/40 MP: 4/4
  2815 | D:3      | Reached XP level 5. HP: 35/46 MP: 5/5
  2981 | D:3      | Reached skill level 5 in Axes
  3383 | D:3      | Found a burning altar of Makhleb.
  3384 | D:3      | Found a radiant altar of Vehumet.
  3922 | D:4      | Reached XP level 6. HP: 23/52 MP: 6/6
  4453 | D:4      | Found a shadowy altar of Dithmenos.
  4489 | D:4      | Noticed Pikel
  4784 | D:4      | Killed Pikel
  4785 | D:4      | Reached skill level 5 in Fighting
  4785 | D:4      | Reached skill level 6 in Axes
  4785 | D:4      | Reached XP level 7. HP: 36/61 MP: 7/7
  5016 | D:4      | Found an ancient bone altar of Kikubaaqudgha.
  5017 | D:4      | Found a shimmering altar of Xom.
  5433 | D:5      | Entered Level 5 of the Dungeon
  5556 | D:5      | Reached skill level 7 in Axes
  5596 | D:5      | Reached skill level 1 in Evocations
  5603 | D:5      | HP: 1/61 [iguana (8)]
  5976 | D:5      | Identified the -1 helmet of Veang {rPois Int+4}
  5996 | D:5      | Reached XP level 8. HP: 68/68 MP: 8/8
  6165 | D:5      | Found a staircase to the Ecumenical Temple.
  6234 | Temple   | Entered the Ecumenical Temple
  6518 | D:5      | Found a runed translucent gate.
  6518 | D:5      | Found a runed translucent gate.
  6519 | D:5      | Found a runed translucent gate.
  6522 | D:5      | Noticed zhov's ghost (amateur DsIE)
  7799 | D:6      | Noticed a wyvern
  7841 | D:6      | Found a stormy altar of Qazlal.
  8018 | D:6      | Reached skill level 8 in Axes
  8233 | D:6      | Found a blossoming altar of Fedhas.
  8255 | D:6      | Gained mutation: Your body sometimes deteriorates upon
                  | taking damage. [potion of mutation]
  8263 | D:6      | HP: 2/59 [wight/+2 spear of freezing (8)]
  8263 | D:6      | Slain by a wight

Illustrated notes

Levels and vault maps discovered:
D:1:      minmay_arrival_nine_rooms, layout_loops_ring
D:2:      layout_basic, basic_ecumenical_altar, serial_shops, shop,
          due_unseen_surprise
D:3:      kennysheep_slugbush, layout_rooms,
          grunt_temple_overflow_lords_of_destruction
D:4:      layout_loops_corners, grunt_dithmenos_smoke,
          nicolae_overflow_hidden_temple, uniq_pikel
D:5:      layout_basic, minmay_temple_entry_ruins, gammafunk_ghost_necromancy
D:6:      layout_basic, mainiacjoe_overflow_24_doors,
          mainiacjoe_overflow_catwalk, kennysheep_little_box,
          lemuel_crystal_altar
Temple:   nicolae_temple_bog_church

Skill      XL: |  1  2  3  4  5  6  7  8 |
---------------+-------------------------+-----
Armour         | 1 2 4 6 |  6.0
Fighting       | 4 5 6 |  6.0
Stealth        | 2 3 |  3.0
Dodging        | 3 |  3.0
Axes           | 5 6 7 8 |  8.2
Evocations     | 2 3 |  3.0

Action                   |  1- 3 |  4- 6 |  7- 9 || total
-------------------------+-------+-------+-------++-------
Melee: Hand axe          |   138 |   272 |   136 ||   546
       Punch             |       |       |     3 ||     3
Evoke: Wand              |       |       |     8 ||     8
  Use: Scroll            |       |     9 |     4 ||    13
       Potion            |       |     4 |     5 ||     9
 Stab: Sleeping          |     7 |     2 |     2 ||    11
       Invisible         |       |       |     2 ||     2
Armor: Robe              |     6 |       |       ||     6
       Ring mail         |    43 |    92 |    36 ||   171
       Skin              |       |    24 |       ||    24
Dodge: Dodged            |    82 |   147 |    78 ||   307
       Repelled          |       |     5 |       ||     5

Table legend: (Time is in decaauts)
 A = Elapsed time spent in this place.
 B = Non-inter-level travel time spent in this place.
 C = Inter-level travel time spent in this place.
 D = Time resting spent in this place.
 E = Time spent auto-exploring this place.
 F = Levels seen in this place.
 G = Mean time per level.
                   A        B        C        D        E       F      G
               +--------+--------+--------+--------+--------+-----+--------+
         Total |   8315 |   8101 |    214 |   2749 |   3909 |   7 | 1187.9 |
       Dungeon |   8133 |   7937 |    196 |   2749 |   3754 |   6 | 1355.5 |
        Temple |    181 |    163 |     18 |      0 |    155 |   1 |  181.0 |
               +--------+--------+--------+--------+--------+-----+--------+

Top non-repeatable levels by time:
     D:4: 1772 daAuts
     D:5: 1750 daAuts
     D:2: 1412 daAuts
     D:3: 1403 daAuts
     D:1: 1127 daAuts
     D:6: 667 daAuts
  Temple: 181 daAuts
